 Dungeon Crawl Stone Soup version 0.29.1-13-g9f3cf754e1 (webtiles) character file.

Game seed: 10178909356011922811

425 p0werm0de the Trooper (level 6, -22/52 HPs)
             Began as a Palentonga Fighter on Feb 11, 2023.
             Was a Plaything of Xom.
             Blown up by Sigmund the eye of devastation (glowing shapeshifter) (30 damage)
             ... with a bolt of energy
             ... on level 4 of the Dungeon.
             The game lasted 00:02:11 (4180 turns).

p0werm0de the Trooper (Palentonga Fighter)          Turns: 4180, Time: 00:02:12

Health: -22/52     AC: 12    Str: 23    XL:     6   Next: 64%
Magic:  0/6        EV:  5    Int:  9    God:    Xom [...*..]
Gold:   215        SH:  4    Dex:  9    Spells: 5/5 levels left

rFire   . . .      SeeInvis +   a - +0 war axe
rCold   . . .      Faith    .   c - +0 buckler
rNeg    . . .      Spirit   .   b - +0 scale mail
rPois   .          Reflect  .   (no helmet)
rElec   .          Harm     .   (no cloak)
rCorr   .          Rampage  .   g - +0 pair of gloves
Will    .....                   l - +0 barding
Stlth   ..........              (no amulet)
HPRegen 0.17/turn               (no ring)
MPRegen 0.10/turn               (no ring)

@: no status effects
A: large, rugged brown scales 3, see invisible, deformed body, roll 1, armoured
tail
a: Rolling Charge, Renounce Religion


You were on level 4 of the Dungeon.
You worshipped Xom.
You were a favourite toy of Xom.
You visited 1 branch of the dungeon, and saw 4 of its levels.

You collected 215 gold pieces.

Inventory:

Hand Weapons
 a - a +0 war axe (weapon)
Armour
 b - a +0 scale mail (worn)
 c - a +0 buckler (worn)
 e - a +2 pair of gloves
   (You found it on level 1 of the Dungeon)
 g - a +0 pair of gloves (worn)
   (You found it on level 2 of the Dungeon)
 l - a +0 barding (worn)
   (You found it on level 4 of the Dungeon)
Scrolls
 i - a scroll of butterflies
 q - 3 scrolls of enchant armour
 r - a scroll of identify
 t - 3 scrolls of teleportation
Potions
 d - a potion of might
 f - a potion of lignification {unknown}
 h - 2 potions of haste
 j - a potion of degeneration {unknown}
 k - a potion of mutation {unknown}
 m - 2 potions of brilliance {unknown}
 o - 3 potions of curing {unknown}
 p - 2 potions of flight {unknown}


   Skills:
 * Level 4.5 Fighting
 * Level 3.8 Axes
 * Level 3.7 Armour
 * Level 4.1 Shields


You had 5 spell levels left.
You didn't know any spells.
Your spell library contained the following spells:

 Spells                   Type           Power      Damage    Failure   Level
 Shock                    Conj/Air       0%         1d3       77%         1
 Swiftness                Air            0%         N/A       98%         3
 Airstrike                Air            0%         2d(0-16)  100%        4


Dungeon Overview and Level Annotations

Branches:
Dungeon (4/15)
 Temple: D:4-7

Altars:
Xom

Shops:
D:2 [

Annotations:
D:3 3 runed translucent doors, Frank's ghost, amateur OpFi; HumanPerson's ghost, amateur FoFi; diceflayer's ghost, amateur DsHu; pilgrim's ghost, weakling TeAE; sankara's ghost, amateur HOFE
D:4 1 runed translucent door, Edmund; Sigmund; gargbit's ghost, amateur SpHu


Innate Abilities, Weirdness & Mutations

You are completely covered in rugged brown scales. (AC +3, +7% HP)
You have supernaturally acute eyesight. (SInv)
Armour fits poorly on your strangely shaped body.
You can roll at nearby foes to attack.
You have a long armoured tail.


Message History

You tail-slap Sigmund, but do no damage.
You hit Sigmund but do no damage.
You tail-slap Sigmund, but do no damage.
Sigmund bites you but does no damage. Sigmund closely misses you.
You hit Sigmund but do no damage.
You tail-slap Sigmund, but do no damage.
Sigmund bites you!!
You hit Sigmund.
Sigmund is lightly wounded.
You block Sigmund's attack.
You hit Sigmund but do no damage.
You tail-slap Sigmund, but do no damage.
Sigmund is lightly wounded.
Sigmund the snapping turtle changes into a mana viper!
You hit Sigmund. You tail-slap Sigmund.
Sigmund is lightly wounded.
Sigmund bites you!
* * * LOW HITPOINT WARNING * * *
You feel your power leaking away.
You barely miss Sigmund.
Sigmund is lightly wounded.
Sigmund the mana viper changes into a glowing orange brain!
You hit Sigmund.
Sigmund is lightly wounded.
You hit Sigmund but do no damage.
Sigmund is lightly wounded.
Sigmund the glowing orange brain changes into an eye of devastation!
You hit Sigmund.
Sigmund is lightly wounded.
Edmund the Younger comes into view.
He is wielding a +0 flail of holy wrath.
Edmund shouts!
You hit Sigmund but do no damage.
You tail-slap Sigmund, but do no damage.
Sigmund is lightly wounded.
Edmund drinks a potion.
Edmund seems to speed up.
Sigmund gazes at you. The bolt of energy hits you!!
Ouch! That really hurt!
You die...
Xom titters!

############ #..........#
#.####PPP..#
#####.#..#..P..#
#.....#..#####.#
##########.###.#@.....#.#
.........#.# #.#G##...#.#
########...###.#..##.##.#
#.#.....#..)#..#.#
#.#####.#..##..#.## #.#
#.#......#..# #.#
#.....#..#..# #.# #...@.#
.#..# #.# #.#...# #..#


You could see Sigmund the eye of devastation shaped shifter and Edmund (fast).

Vanquished Creatures
  An ice beast (D:4)
  A scorpion (D:4)
  An orc priest (D:3)
  An iguana (D:4)
  5 gnolls (D:3)
  3 adders
  A shadow imp (D:4)
  2 worms
  3 dart slugs
  10 orcs
  4 ball pythons
  11 endoplasms
  3 giant cockroaches
  9 goblins
  10 hobgoblins
  4 jackals
  11 kobolds
  6 quokkas
  5 bats
  4 frilled lizards (D:1)
  5 rats
100 creatures vanquished.

Vanquished Creatures (collateral kills)
  A gnoll (D:3)
1 creature vanquished.

Vanquished Creatures (others)
  2 withered plants (D:4)
2 creatures vanquished.

Grand Total: 103 creatures vanquished

Notes
Turn   | Place    | Note
-------+----------+-------------------------------------------
     0 | D:1      | p0werm0de the Palentonga Fighter began the quest for the
                  | Orb.
     0 | D:1      | Reached XP level 1. HP: 19/19 MP: 1/1
   130 | D:1      | Reached XP level 2. HP: 21/25 MP: 2/2
   459 | D:1      | Found a faded altar of an unknown god.
   474 | D:1      | Prayed at the altar of an unknown god.
   474 | D:1      | Became a worshipper of Xom of Chaos
   486 | D:1      | XOM: silly message
   583 | D:1      | XOM: divination: detect creatures
   616 | D:1      | Reached XP level 3. HP: 31/31 MP: 3/3
   893 | D:2      | XOM: 7-stop teleportation journey
   953 | D:2      | Found Reekess's Armour Boutique.
  1061 | D:2      | XOM is BORED!
  1061 | D:2      | XOM: noise
  1268 | D:2      | XOM: noise
  1335 | D:2      | XOM: divination: detect creatures
  1430 | D:2      | XOM: scenery: create altars
  1516 | D:2      | XOM: 7-stop teleportation journey
  1570 | D:2      | Reached XP level 4. HP: 30/37 MP: 4/4
  1718 | D:2      | XOM: divination: detect items
  1860 | D:2      | XOM: 4-stop teleportation journey
  2063 | D:3      | XOM: god gift: potion of haste
  2103 | D:3      | XOM: scenery: create altars
  2111 | D:3      | XOM: enchant monster (good)
  2112 | D:3      | XOM: cloud trail
  2124 | D:3      | Reached XP level 5. HP: 29/44 MP: 5/5
  2502 | D:3      | Found a shimmering altar of Xom.
  2563 | D:3      | Found a runed translucent gate.
  2563 | D:3      | Found a runed translucent gate.
  2563 | D:3      | Found a runed translucent gate.
  2565 | D:3      | Noticed HumanPerson's ghost (amateur FoFi)
  2565 | D:3      | Noticed diceflayer's ghost (amateur DsHu)
  2566 | D:3      | Noticed sankara's ghost (amateur HOFE)
  2566 | D:3      | Noticed pilgrim's ghost (weakling TeAE)
  2566 | D:3      | Noticed Frank's ghost (amateur OpFi)
  2947 | D:4      | XOM: stealth player
  2998 | D:4      | XOM: silly message
  3009 | D:4      | XOM: smoke on damage
  3220 | D:4      | XOM: divination: detect items
  3222 | D:4      | Reached XP level 6. HP: 49/52 MP: 6/6
  3508 | D:4      | XOM is BORED!
  3556 | D:4      | Found a runed translucent door.
  3556 | D:4      | Noticed gargbit's ghost (amateur SpHu)
  3604 | D:4      | Noticed an ice beast
  3626 | D:4      | Killed an ice beast
  3890 | D:4      | XOM: enchant monster (good)
  4141 | D:4      | Noticed Sigmund
  4147 | D:4      | XOM: noise
  4155 | D:4      | XOM: noise
  4169 | D:4      | Noticed Sigmund
  4169 | D:4      | Sigmund changed into Sigmund the glowing shapeshifter
  4169 | D:4      | XOM: polymorph Sigmund -> Sigmund the glowing shapeshifter
  4169 | D:4      | Noticed Sigmund
  4169 | D:4      | Sigmund the glowing shapeshifter changed into Sigmund the
                  | snapping turtle
  4174 | D:4      | Noticed Sigmund
  4174 | D:4      | Sigmund the snapping turtle changed into Sigmund the mana
                  | viper
  4176 | D:4      | Noticed Sigmund
  4176 | D:4      | Sigmund the mana viper changed into Sigmund the glowing
                  | orange brain
  4178 | D:4      | Noticed Sigmund
  4178 | D:4      | Sigmund the glowing orange brain changed into Sigmund the
                  | eye of devastation
  4179 | D:4      | Noticed Edmund
  4180 | D:4      | Blown up by Sigmund the eye of devastation (glowing
                  | shapeshifter)

Illustrated notes

Levels and vault maps discovered:
D:1:      dpeg_arrival_water_temple_mockup, layout_basic,
          shapermc_ecumenical_altar_notcrosses
D:2:      layout_loops_ring, serial_shops, shop
D:3:      layout_loops_ring, mainiacjoe_overflow_surrounded_room,
          gammafunk_ghost_cemetery
D:4:      layout_loops_ring, gammafunk_ghost_grave, st_stairs_10,
          sigmund_edmund_badplayer

Skill      XL: |  1  2  3  4  5  6 |
---------------+-------------------+-----
Shields        | 3 4 |  4.1
Armour         | 3 |  3.7
Axes           | 3 |  3.8
Fighting       | 4 |  4.5

Action                   |  1- 3 |  4- 6 || total
-------------------------+-------+-------++-------
Melee: War axe           |   118 |   165 ||   283
       Tailslap          |    11 |    15 ||    26
  Use: Scroll            |     2 |     4 ||     6
       Potion            |       |     4 ||     4
Armor: Scale mail        |    68 |    89 ||   157
Dodge: Dodged            |    58 |    58 ||   116
Block: Buckler           |    23 |    26 ||    49
